 Dungeon Crawl Stone Soup version 0.30.1-9-gdf580d7c3d (webtiles) character file.

Game seed: 3351311361841171775

175 Peloso the Covered (level 5, -3/46 HPs)
             Began as a Minotaur Fighter on Oct 1, 2023.
             Slain by an orc priest
             ... wielding a +0 club
              (4 damage)
             ... on level 3 of the Dungeon.
             The game lasted 00:03:28 (1815 turns).

Peloso the Covered (Minotaur Fighter)               Turns: 1815, Time: 00:03:29

Health: -3/46      AC: 12    Str: 20    XL:     5   Next: 29%
Magic:  4/4        EV:  6    Int:  5    God:
Gold:   161        SH:  5    Dex: 12    Spells: 4/4 levels left

rFire   . . .        a - +0 long sword
rCold   . . .        c - +0 buckler
rNeg    . . .        f - +0 plate armour
rPois   .            (helmet restricted)
rElec   .            (no cloak)
rCorr   .            (no gloves)
SInv    .            (no boots)
Will    .....        (no amulet) Stlth
                     (no ring)
HPRegen 0.27/turn    (no ring)
MPRegen 0.09/turn

%: no passive effects
@: no status effects
A: horns 2, retaliatory headbutt
a: no special abilities


You were on level 3 of the Dungeon.
You visited 1 branch of the dungeon, and saw 3 of its levels.

You collected 161 gold pieces.

Inventory:

Hand Weapons
 a - a +0 long sword (weapon)
Armour
 b - a +0 scale mail
 c - a +0 buckler (worn)
 f - a +0 plate armour (worn)
Scrolls
 h - a scroll of fog {unknown}
 i - a scroll of noise {unknown}
 n - a scroll of poison {unknown}
 o - a scroll of fear {unknown}
 p - a scroll of magic mapping
 q - a scroll of immolation {unknown}
Potions
 d - a potion of might
 e - 2 potions of lignification
 g - a potion of curing {unknown}
 k - a potion of resistance
 l - a potion of invisibility
 m - a potion of mutation
 r - a potion of brilliance {unknown}


   Skills:
 + Level 4.3 Fighting
 + Level 4.2 Long Blades
 + Level 5.2 Armour
 + Level 0.7 Dodging
 + Level 4.4 Shields


You had 4 spell levels left.
You didn't know any spells.
Your spell library contained the following spells:

 Spells                   Type           Power      Damage    Failure   Level
 Magic Dart               Conj           0%         1d3       100%        1
 Blink                    Tloc           0%         N/A       100%        2
 Call Imp                 Summ           0%         N/A       100%        2
 Mephitic Cloud           Conj/Pois/Air  0%         N/A       100%        3
 Manifold Assault         Tloc           0%         N/A       100%        4
 Storm Form               Tmut/Air       0%         N/A       100%        7


Dungeon Overview and Level Annotations

Branches:
Dungeon (3/15)

Altars:

Annotations:
D:2 1 runed translucent door, Crazy Yiuf


Innate Abilities, Weirdness & Mutations

You have a pair of horns on your head.
You reflexively headbutt those who attack you in melee.


Message History

Something hits you but does no damage.
You miss something. Something hits you but does no damage.
You block something's attack.
You slash something!
Reactivating autopickup.
You feel a bit more experienced.
You barely miss the orc priest. The orc priest hits you with a +0 club.
You hit the orc priest but do no damage.
You headbutt the orc priest, but do no damage.
The orc priest invokes the aid of Beogh against you.
Beogh smites you!
You hit the orc priest but do no damage.
You block the orc priest's attack.
The orc priest miscasts a cantrip.
You barely miss the orc priest. The orc priest hits you with a +0 club.
You slash the orc priest!
The orc priest is severely wounded.
You block the orc priest's attack.
You closely miss the orc priest.
The orc priest is severely wounded.
You block the orc priest's attack.
You hit the orc priest but do no damage.
The orc priest is severely wounded.
The orc priest invokes the aid of Beogh against you.
Pain shoots through your body!
* * * LOW HITPOINT WARNING * * *
The orc priest hits you but does no damage.
You hit the orc priest but do no damage.
You headbutt the orc priest.
The orc priest is severely wounded.
The orc priest hits you but does no damage.
You closely miss the orc priest.
The orc priest is severely wounded.
The orc priest calls down the wrath of Beogh upon you.
Beogh smites you!
* * * LOW HITPOINT WARNING * * *
You closely miss the orc priest. Your headbutt misses the orc priest.
The orc priest is severely wounded.
The orc priest hits you with a +0 club.
You die...

####...............# ###
##..............
##.#########†.......#
###....#....###....## .
..P..P.#.P.P...###.# (.
P......#.......##..# ...
P..P...#).......P# .../
..P...P_)).P.P...####....?
...P...#..P...P.@#........
..PP...#.P.....##o.#
...P...#......P#..##
###PPP.#...P###..##
#.#########.#..## ...
.#o## .# .o{ . ... ..#


You could see an orc priest.

Vanquished Creatures
  2 orc wizards (D:3)
  5 adders
  A worm (D:2)
  2 dart slugs
  5 ball pythons
  4 endoplasms
  6 giant cockroaches
  12 goblins
  6 hobgoblins
  A jackal (D:2)
  6 kobolds
  4 quokkas
  7 bats
  5 frilled lizards
  7 rats
73 creatures vanquished.

Notes
Turn   | Place    | Note
-------+----------+-------------------------------------------
     0 | D:1      | Peloso the Minotaur Fighter began the quest for the Orb.
     0 | D:1      | Reached XP level 1. HP: 19/19 MP: 0/0
    86 | D:1      | Reached skill level 4 in Armour
    86 | D:1      | Reached XP level 2. HP: 27/27 MP: 1/1
   600 | D:2      | Reached XP level 3. HP: 33/33 MP: 2/2
   908 | D:2      | Found a runed translucent door.
   909 | D:2      | Noticed Crazy Yiuf
  1341 | D:2      | Reached XP level 4. HP: 40/40 MP: 3/3
  1406 | D:2      | Reached skill level 5 in Armour
  1680 | D:3      | Found a faded altar of an unknown god.
  1801 | D:3      | Reached XP level 5. HP: 26/46 MP: 4/4
  1814 | D:3      | HP: 1/46 [orc priest/divine providence (11)]
  1815 | D:3      | Slain by an orc priest

Illustrated notes

Levels and vault maps discovered:
D:1:      dpeg_arrival_more_subterranean_lakeside_camping, layout_rooms
D:2:      layout_basic, serial_corexii_hall, chequers_hall_statues_y,
          chequers_hall_statues_wall_a, minmay_joined_circles,
          uniq_crazy_yiuf_cottage
D:3:      layout_rooms, mainiacjoe_overflow_catwalk,
          shapermc_ecumenical_altar_gd, uniq_robin

Skill      XL: |  1  2  3  4 |
---------------+-------------+-----
Armour         | 4 5 |  5.2
Long Blades    | 3 4 |  4.2
Fighting       | 4 |  4.3
Shields        | 4 |  4.4
Dodging        | |  0.7

Action                     |  1- 3 |  4- 6 || total
---------------------------+-------+-------++-------
  Melee: Long sword        |    89 |    86 ||   175
         Headbutt          |    14 |    12 ||    26
    Use: Scroll            |       |     5 ||     5
         Potion            |       |     2 ||     2
 Armour: Scale mail        |    46 |    23 ||    69
         Plate armour      |       |    40 ||    40
  Dodge: Dodged            |    55 |    32 ||    87
  Block: Buckler           |    17 |    37 ||    54
